Map: Buried Caverns

Players

MattBarry - Winner!

  • Race: Terran Terran
  • League: Gold
  • Spawn Location: 5:00

Alebay - Winner!

  • Race: Protoss Protoss
  • Spawn Location: 3:00

MattBarry - Winner!

  • Race: Zerg Zerg
  • League: Gold
  • Spawn Location: 3:00

Raynor

  • Race: Zerg Zerg
  • Spawn Location: 7:00

Laluu

  • Race: Protoss Protoss
  • Spawn Location: 9:00

Limbux

  • Race: Protoss Protoss
  • Spawn Location: 9:00

VOD

Have the link to the VOD?

Description

Time

  • Played on: Jan. 22, 2023, 3:32 a.m.
  • Length: 12:46
Show
View Real Time Build Order
Export as new Build Order

MattBarry Terran - Winner!

Build Orders: Reaper Expand 

Get SALT Encoding   

  12  0:00  SCV  
  13  0:12  SCV  
  14  0:18  Supply Depot  
  14  0:24  SCV  
  15  0:39  SCV  
  15  0:41  Barracks  
  16  0:45  Refinery  
  16  0:52  SCV  
  17  1:04  SCV  
  18  1:16  SCV  
  19  1:28  Orbital Command  
  19  1:30  Reaper  
  20  1:46  Command Center  
  20  1:54  Supply Depot  
  20  1:56  SCV  
  21  2:04  Barracks Reactor  
  21  2:13  SCV  
  22  2:25  SCV  
  22  2:27  Factory  
  23  2:38  SCV  
  24  2:46  Marine x2  
  24  2:50  SCV  
  27  3:02  SCV  
  28  3:11  Starport  
  27  3:13  Orbital Command, Refinery  
  27  3:14  SCV  
  28  3:31  SCV  
  28  3:32  Command Center  
  29  3:46  Hellion  
  29  3:47  Hellion  
  33  3:52  Barracks Tech Lab  
  33  3:53  Fusion Core  
  33  3:55  SCV x2  
  35  4:05  Supply Depot  
  35  4:07  SCV x2  
  35  4:08  Widow Mine x2  
  41  4:18  Refinery  
  41  4:19  SCV x2  
  43  4:26  Armory  
  43  4:35  SCV x2  
  43  4:36  Refinery  
  45  4:43  Orbital Command  
  45  4:47  SCV x2, Refinery  
  47  4:56  Weapon Refit  
  47  4:59  SCV x2  
  49  5:09  SCV  
  49  5:11  SCV  
  49  5:12  SCV  
  52  5:19  Armory  
  52  5:20  Terran Ship Weapons Level 1  
  52  5:22  SCV  
  52  5:24  SCV x2  
  52  5:27  Widow Mine x2  
  59  5:38  Battlecruiser  
  65  5:46  Supply Depot  
  65  5:47  Supply Depot  
  63  6:08  SCV x3  
  63  6:09  Refinery  
  64  6:12  Terran Vehicle And Ship Armor Level 1  
  64  6:15  Starport  
  62  6:20  SCV x3  
  61  6:32  SCV x3  
  60  6:42  Viking  
  60  7:15  Starport Tech Lab  
  60  7:24  SCV  
  60  7:25  SCV x2  
  60  7:28  Refinery  
  63  7:30  Battlecruiser  
  63  7:33  Terran Ship Weapons Level 2  
  63  7:36  SCV  
  72  7:38  Battlecruiser  
  76  7:46  Starport  
  76  7:47  SCV x2  
  76  7:49  SCV  
  79  7:59  SCV x2  
  79  8:01  SCV  
  82  8:08  Terran Vehicle And Ship Armor Level 2  
  82  8:24  Starport, Starport Tech Lab  
  82  8:30  Command Center  
  82  8:34  Battlecruiser  
  88  8:50  Battlecruiser x2  
  88  8:53  Supply Depot x2  
  100  9:00  Starport Tech Lab  
  100  9:05  SCV x3  
  103  9:18  Supply Depot x2  
  103  9:19  Supply Depot  
  103  9:22  Battlecruiser  
  109  9:39  Battlecruiser  
  115  9:54  Battlecruiser  
  115  9:56  Terran Ship Weapons Level 3  
  115  9:59  Battlecruiser  
  127  10:26  Battlecruiser  
  133  10:29  Supply Depot  
  133  10:30  Supply Depot  
  133  10:36  Orbital Command  
  133  10:37  Engineering Bay, Refinery  
  133  10:43  Battlecruiser  
  133  10:49  Refinery  
  139  11:00  Battlecruiser  
  145  11:22  Battlecruiser  
Show
View Real Time Build Order
Export as new Build Order

Alebay Protoss - Winner!

Build Orders: 1 Gate Expand 

Get SALT Encoding   

  12  0:00  Probe  
  13  0:12  Probe  
  14  0:18  Pylon  
  14  0:24  Probe  
  15  0:37  Gateway  
  15  0:38  Probe  
  16  0:51  Probe  
  16  0:52  Assimilator  
  17  1:03  Probe  
  18  1:15  Probe  
  19  1:27  Probe  
  19  1:31  Nexus  
  20  1:37  Cybernetics Core  
  20  1:43  Assimilator  
  20  1:45  Probe  
  21  1:57  Probe  
  22  2:08  Warp Gate (Chrono Boost)  
  22  2:18  Pylon, Probe  
  23  2:35  Stalker (Chrono Boost)  
  23  2:36  Pylon, Probe  
  26  2:44  Probe  
  27  2:48  Probe  
  28  2:58  Pylon, Probe  
  29  3:00  Probe  
  30  3:07  Forge  
  30  3:10  Probe  
  30  3:12  Stalker (Chrono Boost), Probe  
  34  3:22  Probe  
  34  3:25  Probe  
  36  3:35  Gateway  
  36  3:36  Gateway  
  36  3:40  Probe x2  
  38  3:50  Photon Cannon  
  38  3:51  Photon Cannon  
  38  3:54  Photon Cannon  
  38  3:55  Probe  
  38  3:56  Probe  
  38  4:02  Stalker  
  42  4:06  Protoss Ground Weapons Level 1 (Chrono Boost)  
  42  4:10  Probe x2  
  42  4:14  Assimilator  
  44  4:21  Photon Cannon  
  44  4:23  Probe x2  
  46  4:26  Stalker  
  48  4:33  Stalker  
  48  4:34  Stalker  
  48  4:36  Probe  
  53  4:41  Assimilator  
  53  4:43  Probe  
  54  4:51  Probe  
  55  4:57  Stalker x2  
  59  5:08  Probe  
  60  5:15  Stalker  
  62  5:26  Pylon  
  62  5:28  Pylon  
  44  6:09  Stalker x3  
  38  6:17  Protoss Ground Armor Level 1 (Chrono Boost)  
  30  6:32  Gateway  
  30  6:34  Gateway, Stalker x2  
  34  7:02  Pylon  
  34  7:04  Pylon  
  34  7:07  Pylon  
  34  7:26  Robotics Facility x2, Nexus  
  34  7:36  Stalker  
  36  7:37  Stalker x3  
  36  7:38  Stalker  
  44  7:46  Nexus  
  44  7:52  Pylon  
  44  7:54  Pylon  
  44  8:01  Stalker  
  46  8:30  Probe  
  47  8:42  Probe  
  48  8:48  Probe  
  48  8:54  Probe  
  50  8:57  Pylon  
  50  8:58  Probe  
  50  9:01  Probe  
  52  9:06  Probe  
  52  9:08  Twilight Council  
  53  9:10  Probe  
  53  9:15  Probe  
  55  9:18  Probe  
  55  9:22  Probe  
  57  9:27  Probe  
  58  9:36  Probe x2  
  60  9:39  Probe  
  60  9:43  Pylon  
  61  9:48  Stalker x5  
  61  9:50  Protoss Ground Weapons Level 2 (Chrono Boost)  
  61  9:52  Probe x3  
  74  9:56  Assimilator  
  74  9:59  Assimilator  
  74  10:00  Assimilator  
  74  10:03  Assimilator  
  74  10:04  Probe x3  
  77  10:08  Immortal x2  
  85  10:17  Probe  
  85  10:18  Probe x2  
  88  10:29  Probe  
  88  10:30  Probe x2  
  91  10:38  Nexus  
  91  10:40  Assimilator  
  91  10:42  Stalker  
  91  10:43  Stalker x4  
  91  10:45  Assimilator  
  91  10:47  Immortal (Chrono Boost)  
  91  10:48  Immortal (Chrono Boost)  
  109  10:55  Probe  
  109  10:56  Probe x2  
  112  11:07  Stalker, Probe  
  112  11:08  Stalker x4, Probe x2  
  125  11:25  Pylon  
  125  11:31  Pylon  
  125  11:33  Pylon  
  125  11:43  Immortal x2  
  133  11:49  Probe x3  
  133  11:51  Probe  
  137  11:55  Stalker x4  
  148  12:01  Probe x3  
  148  12:03  Probe  
Show
View Real Time Build Order
Export as new Build Order

MattBarry Zerg - Winner!

Build Orders: Hatch First 

Get SALT Encoding   

  12  0:00  Drone  
  13  0:10  Drone  
  14  0:20  Extractor  
  13  0:21  Drone  
  13  0:27  Extractor  
  13  0:28  Drone  
  14  0:30  Overlord  
  15  0:51  Drone  
  16  1:06  Hatchery  
  16  1:11  Drone  
  16  1:18  Drone  
  17  1:21  Drone  
  18  1:31  Spawning Pool  
  18  1:32  Drone  
  18  1:45  Evolution Chamber  
  17  1:48  Drone  
  17  1:49  Drone  
  19  1:58  Drone  
  20  2:11  Extractor  
  20  2:15  Drone  
  20  2:19  Queen x2  
  20  2:20  Drone  
  25  2:25  Overlord  
  25  2:31  Metabolic Boost  
  25  2:53  Drone  
  26  2:59  Lair, Drone  
  26  3:00  Drone x2  
  26  3:01  Drone  
  26  3:05  Drone  
  31  3:31  Drone  
  31  3:32  Drone x3  
  31  3:33  Zergling x2  
  31  3:34  Overlord x2  
  36  3:57  Spire  
  36  4:02  Drone x2  
  37  4:03  Drone  
  37  4:04  Drone x3  
  37  4:05  Drone x2  
  43  4:46  Extractor  
  43  4:47  Extractor  
  41  4:53  Overlord  
  41  4:56  Hatchery  
  40  5:08  Mutalisk  
  40  5:09  Mutalisk x5  
  52  5:15  Mutalisk  
  53  5:30  Zergling x4, Overlord  
  53  5:31  Drone x2  
  53  5:32  Drone x2  
  59  5:44  Zergling x2, Overlord  
  59  5:45  Overlord  
  60  5:57  Zergling x16  
  60  6:00  Overlord  
  60  6:01  Overlord  
  68  6:23  Mutalisk x7  
  82  6:51  Mutalisk x3  
  81  7:27  Mutalisk  
  81  7:28  Mutalisk x3  
  87  7:40  Drone x3  
  87  7:41  Drone  
  89  7:48  Queen  
  91  7:51  Mutalisk  
  91  7:52  Mutalisk  
  85  8:15  Mutalisk x3  
  91  8:31  Mutalisk x2  
  91  8:33  Extractor  
  94  8:35  Extractor  
  89  9:01  Mutalisk  
  89  9:02  Mutalisk x2  
  91  9:15  Mutalisk x2  
  95  9:26  Mutalisk  
  97  9:31  Drone x6  
  97  9:32  Drone x3  
  106  9:47  Overlord x2  
  106  9:49  Zerg Flyer Weapons Level 1  
  94  10:30  Mutalisk x12  
  110  10:51  Mutalisk, Hydralisk Den  
  110  10:52  Mutalisk x3  
  110  10:56  Drone x2  
  117  11:32  Mutalisk x3  
  117  11:39  Overlord x2  
  121  11:40  Overlord  
  117  11:55  Mutalisk x2  
  117  12:13  Mutalisk x6  
  129  12:21  Mutalisk x2  
Show
View Real Time Build Order
Export as new Build Order

Raynor Zerg 

Build Orders: Hatch First 

Get SALT Encoding   

  12  0:01  Drone  
  13  0:09  Drone  
  14  0:18  Overlord  
  14  0:54  Drone x2  
  16  1:03  Hatchery  
  15  1:08  Spawning Pool  
  15  1:11  Drone  
  15  1:18  Extractor  
  14  1:19  Extractor  
  14  1:21  Drone  
  14  1:28  Drone  
  14  1:29  Drone  
  16  1:46  Drone  
  17  1:51  Drone  
  18  2:04  Roach Warren  
  18  2:07  Queen  
  19  2:11  Drone  
  20  2:17  Drone  
  20  2:22  Drone  
  22  2:28  Drone  
  21  2:53  Roach x3  
  28  3:05  Drone  
  28  3:07  Overlord  
  28  3:10  Overlord  
  28  3:25  Drone x3  
  28  3:26  Drone  
  32  3:31  Drone  
  33  3:47  Roach  
  33  3:48  Roach, Drone  
  36  3:49  Drone  
  39  4:06  Roach x2  
  39  4:09  Overlord x2  
  43  4:15  Ravager  
  44  4:28  Roach x4  
  52  4:31  Overlord  
  52  4:35  Drone  
  53  4:41  Queen  
  55  4:50  Roach  
  55  4:51  Roach  
  59  4:59  Drone x3  
  62  5:20  Drone x5  
  62  5:21  Drone  
  68  5:31  Overlord x2  
  58  6:22  Lair  
  46  6:29  Ravager x6  
  46  6:30  Ravager x4  
  55  6:40  Spore Crawler  
  55  6:41  Spore Crawler  
  55  6:44  Spore Crawler  
  55  6:45  Spore Crawler x2, Drone x2  
  55  6:46  Drone x7  
  25  7:17  Queen  
  24  7:23  Spore Crawler  
  24  7:27  Spore Crawler  
  24  7:29  Spore Crawler x2  
  20  7:31  Spore Crawler  
  20  7:34  Spore Crawler  
  20  7:36  Spore Crawler, Drone x6  
  23  7:37  Queen  
  25  7:48  Hydralisk Den  
  24  7:51  Spine Crawler  
  24  7:55  Spine Crawler  
  22  7:58  Spine Crawler  
  22  8:02  Spine Crawler  
  22  8:04  Spine Crawler, Drone x2  
  22  8:05  Drone x2  
  23  8:18  Hydralisk  
  25  8:25  Hydralisk  
  27  8:34  Grooved Spines  
  27  8:51  Drone x6  
  27  8:52  Drone  
  34  9:08  Extractor  
  33  9:11  Extractor  
  33  9:13  Drone  
  33  9:14  Drone x5  
  38  9:20  Hydralisk  
  40  9:28  Hydralisk x2  
  44  9:47  Hydralisk x3  
  44  9:49  Hydralisk  
  52  9:54  Hydralisk  
  54  10:02  Ravager  
  54  10:06  Muscular Augments  
  55  10:08  Hydralisk  
  49  10:45  Hydralisk  
  49  10:46  Hydralisk x5  
  61  11:07  Queen  
  63  11:11  Drone  
  63  11:12  Drone x5  
  69  11:30  Spore Crawler  
  69  11:31  Spore Crawler  
  67  11:33  Spore Crawler  
  67  11:35  Spore Crawler  
  65  11:47  Spire  
  65  11:49  Drone x2  
  65  11:50  Drone x4  
Show
View Real Time Build Order
Export as new Build Order

Laluu Protoss 

Build Orders:  

Get SALT Encoding   

  12  0:01  Probe  
  13  0:14  Probe  
  14  0:21  Pylon  
  14  0:26  Probe  
  15  0:36  Assimilator  
  15  0:39  Probe (Chrono Boost)  
  17  0:50  Pylon  
  17  0:51  Probe (Chrono Boost)  
  17  0:56  Probe (Chrono Boost)  
  17  1:02  Gateway  
  18  1:10  Probe  
  19  1:22  Probe (Chrono Boost)  
  20  1:27  Assimilator  
  20  1:34  Probe (Chrono Boost)  
  21  1:41  Probe (Chrono Boost)  
  22  1:48  Probe  
  22  1:50  Cybernetics Core  
  23  2:00  Pylon  
  23  2:04  Pylon  
  23  2:31  Stargate  
  23  2:36  Stargate  
  23  2:43  Forge  
  23  3:21  Photon Cannon  
  23  3:27  Photon Cannon  
  31  3:42  Void Ray x2  
  31  3:49  Nexus  
  31  4:01  Pylon  
  35  4:25  Void Ray  
  35  4:31  Void Ray  
  39  4:34  Assimilator  
  39  4:39  Assimilator  
  39  4:43  Probe (Chrono Boost)  
  41  4:54  Probe (Chrono Boost)  
  41  4:59  Probe (Chrono Boost)  
  42  5:09  Probe  
  47  5:21  Probe  
  47  5:24  Void Ray  
  52  5:30  Void Ray  
  48  6:23  Void Ray x2  
  40  7:56  Phoenix x2  
  42  8:20  Phoenix, Probe (Chrono Boost)  
  42  8:21  Phoenix  
  47  8:29  Stargate  
  47  8:30  Probe (Chrono Boost)  
  47  8:32  Stargate  
  48  8:35  Stargate, Probe (Chrono Boost)  
  47  8:47  Probe  
  38  8:59  Probe  
  33  9:17  Phoenix  
  33  9:18  Phoenix  
  33  9:19  Phoenix x2  
  33  9:20  Phoenix  
  43  9:25  Probe  
  43  9:30  Pylon  
  44  9:37  Probe  
  45  9:40  Pylon  
  45  9:49  Probe  
  46  9:57  Phoenix x2  
  50  10:01  Probe (Chrono Boost)  
  51  10:13  Probe (Chrono Boost)  
  52  10:19  Probe (Chrono Boost)  
  53  10:27  Probe  
  54  10:50  Phoenix x2  
  54  10:51  Phoenix  
  60  11:01  Phoenix  
  60  11:03  Phoenix  
  64  11:12  Probe (Chrono Boost)  
  65  11:22  Probe (Chrono Boost)  
  50  11:27  Probe (Chrono Boost)  
  41  11:38  Probe  
  42  11:46  Phoenix x2  
  44  11:50  Phoenix, Probe  
Show
View Real Time Build Order
Export as new Build Order

Limbux Protoss 

Build Orders: Colossus Rush 

Get SALT Encoding   

  12  0:00  Probe  
  13  0:13  Probe  
  14  0:23  Pylon  
  14  0:25  Probe  
  15  0:41  Probe (Chrono Boost)  
  16  0:43  Gateway  
  16  0:48  Assimilator  
  16  0:53  Probe (Chrono Boost)  
  17  0:57  Assimilator  
  17  1:01  Probe (Chrono Boost)  
  18  1:07  Probe  
  19  1:19  Probe  
  20  1:28  Pylon  
  20  1:31  Cybernetics Core, Probe  
  21  1:44  Probe  
  22  1:56  Probe  
  23  2:08  Probe  
  24  2:09  Robotics Facility  
  24  2:14  Pylon  
  24  2:20  Probe  
  25  2:25  Robotics Facility  
  25  2:32  Stalker (Chrono Boost), Probe  
  28  2:44  Pylon  
  28  2:54  Probe  
  31  3:15  Immortal (Chrono Boost)  
  31  3:18  Robotics Bay  
  31  3:23  Immortal (Chrono Boost)  
  31  3:26  Forge  
  35  3:44  Pylon  
  39  3:57  Immortal (Chrono Boost)  
  39  3:59  Pylon  
  39  4:09  Colossus (Chrono Boost)  
  45  4:26  Photon Cannon  
  45  4:40  Immortal  
  49  4:52  Extended Thermal Lance (Chrono Boost)  
  49  5:10  Observer  
  50  5:23  Pylon  
  30  6:27  Immortal x2  
  38  6:49  Photon Cannon  
  38  6:51  Photon Cannon  
  38  7:00  Robotics Facility  
  34  7:03  Stalker (Chrono Boost)  
  34  7:06  Colossus  
  42  7:25  Stalker (Chrono Boost)  
  44  7:50  Stalker (Chrono Boost)  
  46  7:54  Nexus  
  45  8:23  Pylon  
  45  8:26  Pylon  
  45  8:27  Probe  
  45  8:29  Pylon  
  45  8:30  Assimilator  
  46  8:35  Assimilator  
  46  8:39  Probe  
  47  8:51  Probe  
  48  9:05  Probe (Chrono Boost)  
  49  9:11  Probe (Chrono Boost)  
  50  9:21  Probe (Chrono Boost)  
  51  9:26  Probe (Chrono Boost)  
  51  9:29  Probe  
  53  9:37  Probe  
  54  9:42  Probe  
  54  9:45  Photon Cannon  
  55  9:49  Probe  
  56  9:54  Probe  
  57  10:01  Probe  
  57  10:04  Photon Cannon  
  58  10:11  Colossus (Chrono Boost)  
  58  10:13  Probe  
  65  10:25  Probe  
  66  10:45  Stalker  
  66  10:46  Colossus (Chrono Boost)  
  66  10:48  Colossus (Chrono Boost)  
  80  11:15  Stalker  
  82  11:29  Photon Cannon, Nexus  
  82  11:35  Photon Cannon  
  82  11:51  Photon Cannon  
Tags
 
Add a new tag
Caveats
  • Supply blocks, unpowered buildings, or Contaminate may cause inaccurate times.
  • Supply counts are checked every 10 seconds.